 Dungeon Crawl Stone Soup version 0.17.0-56-gd8de76c (console) character file.

582 Kloppie the Grave Robber (level 7, -4/62 HPs)
             Began as a Deep Dwarf Necromancer on Dec 6, 2015.
             Killed by divine providence
             ... invoked by an orc priest
              (8 damage)
             ... on level 6 of the Dungeon.
             The game lasted 00:10:49 (5472 turns).

Kloppie the Grave Robber (Deep Dwarf Necromancer)   Turns: 5472, Time: 00:10:50

Health: -4/62      AC:  7    Str: 12    XL:     7   Next: 14%
Magic:  4/12       EV: 12    Int: 17    God:
Gold:   276        SH:  0    Dex: 13    Spells: 2 memorised, 9 levels left

rFire  + + .     SeeInvis .     C - +0 hand axe
rCold  . . .     Clarity  .     A - +3 salamander hide armour {+Rage rF++}
rNeg   . . .     SustAt   .     (no shield)
rPois  .         Gourm    .     y - +0 helmet
rElec  .         Spirit   .     (no cloak)
rCorr  .         Warding  .     (no gloves)
rMut   .         Stasis   .     (no boots)
MR     +....                    (no amulet)
Stlth  ++........               (no ring)
                                (no ring)

@: non-regenerating, somewhat resistant to hostile enchantments, unstealthy
A: damage resistance, recharge devices, sense surroundings 1, slow regeneration
3
a: Device Recharging, Evoke Berserk Rage


You were on level 6 of the Dungeon.
You were hungry.

You visited 1 branch of the dungeon, and saw 6 of its levels.

You collected 276 gold pieces.

Inventory:

Hand Weapons
 j - a +0 mace
 v - a +0 flail
 C - a +0 hand axe (weapon)
Armour
 a - a +0 robe
 s - a cursed +0 buckler
 y - a +0 helmet (worn)
 A - the +3 salamander hide armour (worn) {+Rage rF++}
   (You found it on level 4 of the Dungeon)

   It greatly protects you from fire.
   It lets you go berserk.
Wands
 c - a wand of heal wounds (3)
 r - a wand of confusion (4)
Scrolls
 e - 2 scrolls of enchant weapon {unknown}
 h - a scroll of magic mapping {unknown}
 k - a scroll of remove curse {unknown}
 m - 12 scrolls of identify {unknown}
 o - a scroll of fear {unknown}
 p - 2 scrolls of blinking {unknown}
 q - 5 scrolls of teleportation {unknown}
 u - a scroll of random uselessness {unknown}
 w - 2 scrolls of enchant armour {unknown}
 z - a scroll of recharging {unknown}
 D - a scroll of noise {unknown}
Potions
 f - 3 potions of curing
 g - 2 potions of brilliance {unknown}
 i - a potion of resistance {unknown}
 l - a potion of haste {unknown}
 t - a potion of mutation {unknown}
 B - a potion of flight {unknown}
Books
 b - a book of Necromancy

   Spells                             Type                      Level
   a - Pain                           Necromancy                   1
   b - Animate Skeleton               Necromancy                   1
   c - Vampiric Draining              Necromancy                   3
   d - Regeneration                   Charms/Necromancy            3
   e - Animate Dead                   Necromancy                   4
   f - Control Undead                 Necromancy                   4
Comestibles
 d - 3 bread rations
 n - 2 beef jerkies
 x - 6 chunks of flesh


   Skills:
 + Level 3.4 Fighting
 - Level 2.1 Dodging
 - Level 2.4 Stealth
 - Level 3.5 Spellcasting
 + Level 7.2 Necromancy


You had 9 spell levels left.
You knew the following spells:

 Your Spells              Type           Power        Failure   Level  Hunger
a - Pain                  Necr           ####         1%          1    None
b - Vampiric Draining     Necr           ####......   3%          3    ###....


Dungeon Overview and Level Annotations

Branches:
Dungeon (6/15)
 Temple: D:4-7

Altars:
Fedhas
Zin

Annotations:
D:5 Kloppie's ghost, amateur DDEE


Innate Abilities, Weirdness & Mutations

You are resistant to damage.
You can recharge devices by infusing magical energy.
You passively map a small area around you.
You do not regenerate naturally.


Message History

Deactivating autopickup; reactivate with Ctrl-A.
Things that are here:
a dagger; a robe; an orc skeleton You see here a mace.
You hear some strange, mumbled words.
The orc hits you.
There is an open door here.
The orc priest invokes the aid of Beogh against you.
Something smites you!
* * * LOW HITPOINT WARNING * * *
A puff of frost appears from out of thin air!
The puff of frost hits you!
* * * LOW HITPOINT WARNING * * *
A puff of flame appears from out of thin air!
The puff of flame hits you! You resist.
You open the door.
You are feeling hungry.
The orc priest invokes the aid of Beogh against you.
Something smites you!
You die...

................. ,
.................
................. ,
.......<......... ,
+########.....#########
........'.....+.......#
........#.....#.......+
........##'####.......#,
...........@..........#,,
,
.............O........#,
...............o......# ,
,,
...###+#####.##..##...#,
, ... ,
*##.##..####'###### .. ,
#.............#... , ,
#.......o.....#... ,
+...........)o#... ,, ,
#.............'...


You could see an ogre, an orc priest and an orc.

Vanquished Creatures
  An ice beast (D:6)
  A giant frog skeleton (D:4)
  A hound (D:4)
  An orc wizard (D:6)
  A worker ant (D:4)
  2 iguanas
  3 orc priests
  Terence (D:3)
  Robin (D:3)
  2 gnolls (D:5)
  5 adders
  A shadow imp (D:4)
  An ooze (D:2)
  An adder skeleton (D:4)
  4 worms
  19 orcs
  A ball python (D:3)
  2 giant cockroaches
  14 goblins
  9 hobgoblins
  12 jackals
  3 kobolds
  A quokka (D:3)
  9 bats
  3 giant geckos
  5 giant newts
  7 rats
111 creatures vanquished.

Notes
Turn   | Place    | Note
--------------------------------------------------------------
     0 | D:1      | Kloppie the Deep Dwarf Necromancer began the quest for the Orb.
     0 | D:1      | Reached XP level 1. HP: 15/15 MP: 3/3
     3 | D:1      | Noticed an electric eel
     3 | D:1      | Noticed an electric eel
   368 | D:1      | Reached XP level 2. HP: 22/22 MP: 3/5
  1091 | D:2      | Reached XP level 3. HP: 21/28 MP: 0/6
  1096 | D:2      | Learned a level 3 spell: Vampiric Draining
  1302 | D:2      | Reached skill level 5 in Necromancy
  2057 | D:2      | Reached XP level 4. HP: 24/36 MP: 2/8
  2317 | D:3      | Noticed Robin
  2395 | D:3      | Noticed Terence
  2582 | D:3      | Killed Terence
  2954 | D:3      | Killed Robin
  2954 | D:3      | Reached XP level 5. HP: 36/42 MP: 0/10
  3342 | D:3      | Found a blossoming altar of Fedhas.
  3902 | D:4      | Reached skill level 1 in Fighting
  3902 | D:4      | Reached skill level 6 in Necromancy
  4168 | D:4      | Reached XP level 6. HP: 38/52 MP: 11/11
  4654 | D:4      | Found a glowing silver altar of Zin.
  4858 | D:5      | Entered Level 5 of the Dungeon
  5041 | D:5      | Noticed Kloppie's ghost (amateur DDEE)
  5366 | D:6      | Reached skill level 7 in Necromancy
  5451 | D:6      | Reached XP level 7. HP: 19/62 MP: 1/12
  5472 | D:6      | Killed from afar by an orc priest

Action                   |  1- 3 |  4- 6 |  7- 9 || total
-------------------------+-------+-------+-------++-------
Melee: Mace              |    22 |     4 |       ||    26
       Flail             |       |     2 |       ||     2
       Hand axe          |       |    41 |       ||    41
 Cast: Pain              |    85 |   136 |       ||   221
       Vampiric Draining |       |    17 |     1 ||    18
Evoke: Wand              |     1 |     1 |       ||     2
 Stab: Sleeping          |       |     1 |       ||     1
  Eat: Chunk             |     4 |    12 |       ||    16
